 Dungeon Crawl Stone Soup version 0.27-a0-417-g317cea8a3c (webtiles) character file.

Game seed: 11432072535863519807

128 HoaS the Ruffian (level 4, -2/36 HPs)
             Began as a Demigod Gladiator on Feb 25, 2021.
             Killed by divine providence
             ... invoked by an orc priest
              (13 damage)
             ... on level 2 of the Dungeon.
             The game lasted 00:04:11 (1936 turns).

HoaS the Ruffian (Demigod Gladiator)                Turns: 1936, Time: 00:04:11

Health: -2/36      AC:  7    Str: 19    XL:     4   Next: 57%
Magic:  6/6        EV: 12    Int: 10    God:
Gold:   146        SH:  5    Dex: 15    Spells: 3/3 levels left

rFire    . . .     SeeInvis .     - Unarmed
rCold    . . .     Faith    .   (no shield)
rNeg     . . .     Spirit   .   l - +0 ring mail
rPois    .         Reflect  +   b - +0 helmet
rElec    .         Harm     .   f - +0 cloak
rCorr    .         Rampage  .   (no gloves)
Will     .....                  (no boots)
Stlth    +.........             h - amulet of reflection
HPRegen  0.12/turn              (no ring)
MPRegen  0.10/turn              (no ring)

@: no status effects
A: high mp 1
a: no special abilities


You were on level 2 of the Dungeon.
You visited 1 branch of the dungeon, and saw 3 of its levels.

You collected 146 gold pieces.

Inventory:

Missiles
 c - 3 throwing nets (quivered)
Armour
 b - a +0 helmet (worn)
 f - a +0 cloak (worn)
 l - a +0 ring mail (worn)
Jewellery
 d - a ring of ice
 h - an amulet of reflection (around neck)
Wands
 a - a wand of digging (4)
Scrolls
 g - a scroll of noise
Potions
 i - a potion of might
 j - 3 potions of curing {unknown}


   Skills:
 - Level 1.7 Fighting
 - Level 1.7 Throwing
 - Level 2.6 Dodging
 + Level 5.1 Unarmed Combat


You had 3 spell levels left.
You didn't know any spells.
Your spell library was empty.

Dungeon Overview and Level Annotations

Branches:
Dungeon (3/15)

Annotations:
D:3 1 runed translucent door


Innate Abilities, Weirdness & Mutations

You have an increased reservoir of magic. (+10% MP)


Message History

The orc priest calls upon Beogh to heal the orc priest.
The orc priest's wounds heal themselves!
Items here: )) [ †.
There is a stone staircase leading up here.
The orc priest hits you but does no damage.
You climb upwards.
There is a stone staircase leading down here.
You closely miss the orc priest. The orc priest hits you with a +0 club.
You hit the orc priest.
The orc priest is lightly wounded.
You closely miss the orc priest.
The orc priest is lightly wounded.
The orc priest completely misses you.
You hit the orc priest.
The orc priest is lightly wounded.
The orc priest hits you but does no damage.
You hit the orc priest but do no damage.
The orc priest is lightly wounded.
The orc priest invokes the aid of Beogh against you.
You barely resist.
You hit the orc priest but do no damage.
The orc priest is lightly wounded.
The orc priest hits you with a +0 club.
You hit the orc priest but do no damage.
The orc priest is lightly wounded.
The orc priest closely misses you.
You closely miss the orc priest.
The orc priest is lightly wounded.
You barely miss the orc priest.
The orc priest is lightly wounded.
The orc priest invokes the aid of Beogh against you.
Pain shoots through your body!
You hit the orc priest but do no damage.
The orc priest is lightly wounded.
You block the orc priest's attack.
You hit the orc priest but do no damage.
The orc priest is lightly wounded.
The orc priest calls down the wrath of Beogh upon you.
Beogh smites you!
You die...

........'..#..'............†....#
.......#########................#
........'..#_.'.....#...........#
.....#..#.###.#..#).#...........#
.....#..#.....#..#..#...........#
...######.....######............#
...÷.#...........#...############
###÷.....#####..o†...#
#...............@#####
#.........######## #.........#
..........# ..........#
...###'#### ...# #.# ...# #.#
...# #[#


You could see an orc priest.

Vanquished Creatures
  Ijyb (D:3)
  3 adders
  An ooze (D:1)
  2 dart slugs (D:1)
  4 leopard geckos
  6 orcs (D:3)
  5 bats
  5 giant cockroaches
  3 goblins (D:1)
  7 hobgoblins
  4 jackals (D:2)
  5 kobolds
  A quokka (D:2)
  2 ball pythons
  A frilled lizard (D:2)
  6 rats
56 creatures vanquished.

Notes
Turn   | Place    | Note
-------+----------+-------------------------------------------
     0 | D:1      | HoaS the Demigod Gladiator began the quest for the Orb.
     0 | D:1      | Reached XP level 1. HP: 17/17 MP: 3/3
    26 | D:1      | Reached skill level 3 in Unarmed Combat
    53 | D:1      | Reached XP level 2. HP: 14/24 MP: 4/4
   625 | D:1      | Reached XP level 3. HP: 29/29 MP: 5/5
   691 | D:1      | Reached skill level 4 in Unarmed Combat
  1052 | D:2      | Found a sacrificial altar of Ru.
  1523 | D:3      | Found an iron altar of Okawaru.
  1666 | D:3      | Reached XP level 4. HP: 36/36 MP: 6/6
  1698 | D:3      | Noticed Ijyb
  1710 | D:3      | Killed Ijyb
  1728 | D:3      | Reached skill level 5 in Unarmed Combat
  1746 | D:3      | Found a glowing silver altar of Zin.
  1747 | D:3      | Found a runed translucent door.
  1747 | D:3      | Noticed an angel
  1936 | D:2      | Killed from afar by an orc priest

Illustrated notes

Levels and vault maps discovered:
D:1:      dpeg_arrival_arbitrary_c, layout_basic
D:2:      layout_basic, hangedman_ru_absence
D:3:      layout_basic, nicolae_overflow_hidden_temple, makhleb_grotto_becter,
          portal_sewer_entry_e, lemuel_angel_altar, uniq_ijyb

Skill      XL: |  1  2  3  4 |
---------------+-------------+-----
Unarmed Combat | 3 4 5 |  5.1
Fighting       | |  1.7
Throwing       | |  1.7
Dodging        | |  2.6

Action                   |  1- 3 |  4- 6 || total
-------------------------+-------+-------++-------
Melee: Unarmed           |   153 |    58 ||   211
       Punch             |       |     2 ||     2
  Use: Scroll            |     4 |       ||     4
 Stab: Sleeping          |     1 |       ||     1
Armor: Leather armour    |    33 |       ||    33
       Ring mail         |     2 |    17 ||    19
Dodge: Dodged            |    87 |    40 ||   127
Block: Other             |     1 |    11 ||    12

Table legend: (Time is in decaauts)
 A = Elapsed time spent in this place.
 B = Non-inter-level travel time spent in this place.
 C = Inter-level travel time spent in this place.
 D = Time resting spent in this place.
 E = Time spent auto-exploring this place.
 F = Levels seen in this place.
 G = Mean time per level.
                   A        B        C        D        E       F      G
               +--------+--------+--------+--------+--------+-----+--------+
         Total |   1919 |   1857 |     62 |    311 |   1088 |   3 |  639.7 |
       Dungeon |   1919 |   1857 |     62 |    311 |   1088 |   3 |  639.7 |
               +--------+--------+--------+--------+--------+-----+--------+

Top non-repeatable levels by time:
     D:1: 815 daAuts
     D:2: 786 daAuts
     D:3: 317 daAuts
